 Dungeon Crawl Stone Soup version 0.27-a0-972-gd1521fd518 (webtiles) character file.

Game seed: 8275828566022007268

13 Froggeryz the Insei (level 2, -2/19 HPs)
             Began as a Barachi Wanderer on Apr 13, 2021.
             Was a Follower of Jiyva.
             Slain by a gnoll
             ... wielding a +0 club
              (4 damage)
             ... on level 1 of the Dungeon.
             The game lasted 00:01:16 (432 turns).

Froggeryz the Insei (Barachi Wanderer)               Turns: 432, Time: 00:01:17

Health: -2/19      AC:  5    Str: 10    XL:     2   Next: 37%
Magic:  1/3        EV: 11    Int: 15    God:    Jiyva [*.....]
Gold:   19         SH:  0    Dex: 11    Spells: 3/3 levels left

rFire    . . .     SeeInvis .   a - +0 quarterstaff
rCold    . . .     Faith    .   (shield currently unavailable)
rNeg     . . .     Spirit   .   b - +2 leather armour
rPois    .         Reflect  .   (no helmet)
rElec    .         Harm     .   (no cloak)
rCorr    .         Rampage  .   (no gloves)
Will     .....                  (no boots)
Stlth    +.........             (no amulet)
HPRegen  0.06/turn              (no ring)
MPRegen  0.08/turn              (no ring)

@: unable to hop, slow
A: +LOS, amphibious, slowness 1, strong legs 1
a: Hop, Renounce Religion, Request Jelly


You were on level 1 of the Dungeon.
You worshipped Jiyva.
Jiyva was aware of your devotion.
You visited 1 branch of the dungeon, and saw 1 of its levels.

You collected 19 gold pieces.

Inventory:

Hand Weapons
 a - a +0 quarterstaff (weapon)
Missiles
 e - 5 javelins (quivered)
Armour
 b - a +2 leather armour (worn)
Scrolls
 d - a scroll of immolation
Potions
 c - a potion of lignification


   Skills:
 - Level 1.1 Staves
 - Level 2.1 Dodging
 - Level 1.7 Stealth
 - Level 1.1 Shields
 * Level 2.2 Unarmed Combat
 - Level 1.1 Spellcasting
 - Level 2.1 Hexes
 - Level 1.1 Evocations


You had 3 spell levels left.
You didn't know any spells.
Your spell library was empty.

Dungeon Overview and Level Annotations

Branches:
Dungeon (1/15)

Altars:
Jiyva


Innate Abilities, Weirdness & Mutations

You can be seen from farther away. (+LOS)
You are amphibious.
You cover ground slowly.
You can hop short distances.


Message History

A gnoll comes into view. It is wielding a +0 club.
A gnoll is nearby!
A gnoll is nearby!
The gnoll shouts!
You hear a distant slurping noise.
There is an open door here.
You hit the gnoll.
The gnoll is lightly wounded.
The gnoll hits you with a +0 club.
You closely miss the gnoll.
The gnoll is lightly wounded.
The gnoll closely misses you.
You barely miss the gnoll.
The gnoll is lightly wounded.
The gnoll barely misses you.
You barely miss the gnoll.
The gnoll is lightly wounded.
The gnoll hits you with a +0 club. x2
You are too injured to fight recklessly!
You are too injured to fight recklessly!
You barely miss the gnoll.
The gnoll is lightly wounded.
The gnoll closely misses you.
You closely miss the gnoll.
The gnoll is lightly wounded.
The gnoll hits you with a +0 club. The gnoll hits you with a +0 club.
* * * LOW HITPOINT WARNING * * *
Hop to where?
Press: ? - help, Dir - move target Boing!
You swap places.
You barely miss the gnoll. The gnoll closely misses you.
You closely miss the gnoll. The gnoll barely misses you.
You hit the gnoll.
The gnoll is moderately wounded.
The gnoll hits you but does no damage. The gnoll closely misses you.
You barely miss the gnoll.
The gnoll is moderately wounded.
The gnoll hits you with a +0 club.
You die...

..#......#.......#
##.###.#.......#
#.............#
##..#.##......#
#..#.........# #
#...........#######.#
......................
............g.........
###.###.#.##@'#..#..#
#.. ...##..#J#.#...#
#.......#..........# #
........#.....#..##
#+###....##...J....#
#......_..#.....
#.#..#...#.#..##
#.....#..#.#..# #
##.#....#...#..###..####


You could see a gnoll and 2 neutral jellies (fellow slime).

Vanquished Creatures
  An endoplasm (D:1)
  2 goblins (D:1)
  5 bats (D:1)
  A frilled lizard (D:1)
  3 kobolds (D:1)
  A rat (D:1)
13 creatures vanquished.

Vanquished Creatures (others)
  A goblin (D:1)
1 creature vanquished.

Grand Total: 14 creatures vanquished

Notes
Turn   | Place    | Note
-------+----------+-------------------------------------------
     0 | D:1      | Froggeryz the Barachi Wanderer began the quest for the Orb.
     0 | D:1      | Froggeryz set off with the following items: a +0
                  | quarterstaff, a +2 leather armour, a potion of
                  | lignification, a +0 dagger
     0 | D:1      | Reached XP level 1. HP: 13/13 MP: 2/2
   155 | D:1      | Found a faded altar of an unknown god.
   212 | D:1      | Reached skill level 1 in Unarmed Combat
   222 | D:1      | Reached XP level 2. HP: 11/19 MP: 3/3
   368 | D:1      | Became a worshipper of Jiyva Jareg the Shapeless
   368 | D:1      | Reached * piety under Jiyva
   432 | D:1      | Slain by a gnoll

Illustrated notes

Levels and vault maps discovered:
D:1:      enne_arrival_octagon_isle, layout_basic,
          hellmonk_ecumenical_altar_blasted, minivault_11, minmay_misc_feat_iff,
          kennysheep_flooded_box

Skill      XL: |  1  2 |
---------------+-------+-----
Unarmed Combat | 1 2 |  2.2
Staves         | |  1.1
Dodging        | |  2.1
Stealth        | |  1.7
Shields        | |  1.1
Spellcasting   | |  1.1
Hexes          | |  2.1
Evocations     | |  1.1

Action                   || total
-------------------------++-------
Melee: Quarterstaff      ||    39
       Unarmed           ||    17
Invok: Request Jelly     ||     1
 Abil: Hop               ||     1
 Stab: Sleeping          ||     1
Armor: Leather armour    ||    39
Dodge: Dodged            ||    51

Table legend: (Time is in decaauts)
 A = Elapsed time spent in this place.
 B = Non-inter-level travel time spent in this place.
 C = Inter-level travel time spent in this place.
 D = Time resting spent in this place.
 E = Time spent auto-exploring this place.
 F = Levels seen in this place.
 G = Mean time per level.
                   A        B        C        D        E       F      G
               +--------+--------+--------+--------+--------+-----+--------+
         Total |    477 |    464 |     13 |      0 |    280 |   1 |  477.0 |
       Dungeon |    477 |    464 |     13 |      0 |    280 |   1 |  477.0 |
               +--------+--------+--------+--------+--------+-----+--------+

Top non-repeatable levels by time:
     D:1: 477 daAuts
